 Dungeon Crawl Stone Soup version 0.18.1-48-g4cf74bf (webtiles) character file.

136 boogeech the Ducker (level 4, 0/35 HPs)
             Began as a Demonspawn Gladiator on June 28, 2016.
             Slain by a gnoll
             ... wielding a +0 flail
              (4 damage)
             ... on level 3 of the Dungeon.
             The game lasted 00:07:37 (3169 turns).

boogeech the Ducker (Demonspawn Gladiator)          Turns: 3169, Time: 00:07:38

Health: 0/35       AC: 11    Str: 15    XL:     4   Next: 98%
Magic:  5/5        EV: 12    Int: 10    God:
Gold:   128        SH:  0    Dex: 16    Spells: 0 memorised, 5 levels left

rFire  . . .     SeeInvis .     x - -3 dagger (curse)
rCold  . . .     Gourm    .     o - +0 ring mail
rNeg   . . .     Faith    .     (no shield)
rPois  .         Spirit   .     c - +0 helmet
rElec  .         Dismiss  .     (no cloak)
rCorr  .         Reflect  .     t - +2 pair of gloves
SustAt .         Harm     .     (no boots)
MR     .....                    (no amulet)
Stlth  +.........               (no ring)
                                u - +2 ring of dexterity

@: flying (expiring), very slightly contaminated, hasted, very quick, not
resistant to hostile enchantments, very unstealthy
A: slimy green scales 1
a: no special abilities


You were on level 3 of the Dungeon.
You were near starving.

You visited 1 branch of the dungeon, and saw 3 of its levels.

You collected 128 gold pieces.

Inventory:

Hand Weapons
 a - a +1 rapier
 l - a +0 hunting sling
 x - a cursed -3 dagger (weapon)
Missiles
 d - a throwing net (quivered)
 m - 119 stones
Armour
 b - a +0 leather armour
 c - a +0 helmet (worn)
 o - a +0 ring mail (worn)
 t - a +2 pair of gloves (worn)
Jewellery
 h - a +1 ring of evasion {unknown}
 u - a +2 ring of dexterity (left hand)
Scrolls
 g - a scroll of identify
 r - a scroll of remove curse {unknown}
Potions
 n - a potion of haste
Comestibles
 f - 2 bread rations
 i - 2 beef jerkies
 j - a slice of pizza
 p - 4 fruits
 s - 3 meat rations


   Skills:
 * Level 3.3 Fighting
 * Level 3.0 Short Blades
 - Level 1.7 Throwing
 + Level 1.3 Armour
 * Level 3.3 Dodging
 + Level 1.1 Stealth
 * Level 1.1 Spellcasting


You had 5 spell levels left.
You didn't know any spells.

Dungeon Overview and Level Annotations

Branches:
Dungeon (3/15)

Altars:
Ru
Vehumet


Innate Abilities, Weirdness & Mutations

You are partially covered in slimy green scales (AC +2).


Message History

The gnoll hits you but does no damage.
You see here a gnoll corpse.
You hit the gnoll.
The gnoll is lightly wounded.
You barely miss the gnoll.
The gnoll is lightly wounded.
The gnoll hits you with a flail!
* * * LOW HITPOINT WARNING * * *
You hit the gnoll but do no damage.
The gnoll is lightly wounded.
You are starting to lose your buoyancy.
You hit the gnoll but do no damage.
The gnoll is lightly wounded.
The gnoll closely misses you.
You closely miss the gnoll.
The gnoll is lightly wounded.
You hit the gnoll but do no damage.
The gnoll is lightly wounded.
The gnoll hits you with a flail.
You die...

#......**#.# *,*
#......* #.# *,*
#......###(# *,*
#......g.#.# *,*
#........#.######.#
#........'........#
*
#........#.########
* #.########g# *
#.########@# **
#.##.....#.# ,*
####.##.....#.# .*
#.............# .*
##.#.##.....### .*
#.#.##.....### .#*
#.#.##.......# ..*
#.#.#........#
#.###.#.#.#......#


You could see a gnoll.

Vanquished Creatures
  Robin (D:2)
  2 gnolls (D:3)
  4 adders (D:2)
  An adder skeleton (D:3)
  A worm (D:3)
  7 bats
  3 giant cockroaches
  8 goblins
  11 hobgoblins
  3 jackals (D:3)
  3 kobolds
  4 ball pythons
  6 giant newts
  10 rats
64 creatures vanquished.

Notes
Turn   | Place    | Note
--------------------------------------------------------------
     0 | D:1      | boogeech the Demonspawn Gladiator began the quest for the Orb.
     0 | D:1      | Reached XP level 1. HP: 16/16 MP: 1/1
   481 | D:1      | Gained mutation: You are partially covered in slimy green scales (AC +2). [demonic ancestry]
   481 | D:1      | Reached XP level 2. HP: 20/22 MP: 2/2
  1019 | D:2      | Reached XP level 3. HP: 13/28 MP: 4/4
  1503 | D:2      | Found a radiant altar of Vehumet.
  1734 | D:2      | Reached skill level 1 in Armour
  1754 | D:2      | Found a sacrificial altar of Ru.
  1992 | D:2      | Reached XP level 4. HP: 34/34 MP: 5/5
  2123 | D:2      | Noticed Robin
  2131 | D:2      | Reached skill level 1 in Spellcasting
  2146 | D:2      | Killed Robin
  3101 | D:3      | Reached skill level 1 in Stealth
  3169 | D:3      | Slain by a gnoll

Skill      XL: |  1  2  3  4 |
---------------+-------------+-----
Dodging        | 3 |  3.3
Armour         | 1 |  1.3
Short Blades   | 3 |  3.0
Spellcasting   | 1 |  1.1
Fighting       | 3 |  3.3
Stealth        | 1 |  1.1
Throwing       | |  1.7

Action                   |  1- 3 |  4- 6 || total
-------------------------+-------+-------++-------
Melee: Rapier            |   129 |    85 ||   214
       Dagger            |       |   181 ||   181
Throw: Throwing net      |       |     4 ||     4
  Use: Scroll            |       |     7 ||     7
       Potion            |       |     7 ||     7
 Stab: Held in net/web   |       |     1 ||     1
  Eat: Chunk             |     3 |     3 ||     6
Armor: Leather armour    |    64 |    17 ||    81
       Ring mail         |       |    36 ||    36
       Skin              |       |    25 ||    25
Dodge: Dodged            |   101 |   120 ||   221
